Map: Cerulean Fall LE

Players

Animality

  • Race: Zerg Zerg
  • League: Diamond
  • Spawn Location: 7:00

SaintSnowmad - Winner!

  • Race: Protoss Protoss
  • League: Diamond
  • Spawn Location: 1:00

VOD

Have the link to the VOD?

Description

Time

  • Played on: Dec. 22, 2018, 1:16 a.m.
  • Length: 12:07
Show
View Real Time Build Order
Export as new Build Order

Animality Zerg 

Build Orders: Hatch First 

Get SALT Encoding   

  12  0:01  Drone  
  13  0:12  Overlord  
  13  0:17  Drone  
  14  0:31  Drone x2  
  14  0:34  Drone  
  17  0:55  Hatchery  
  16  1:00  Drone  
  17  1:06  Extractor, Drone  
  17  1:16  Spawning Pool  
  16  1:23  Drone x2  
  18  1:28  Drone  
  19  1:43  Overlord  
  19  1:54  Drone  
  20  2:03  Queen  
  20  2:04  Zergling x2  
  23  2:09  Metabolic Boost  
  23  2:13  Drone  
  23  2:15  Queen  
  24  2:16  Drone  
  27  2:25  Zergling x4  
  27  2:28  Drone  
  30  2:34  Drone  
  31  2:45  Queen  
  31  2:48  Drone  
  31  2:50  Drone  
  35  2:55  Overlord  
  35  3:13  Queen  
  35  3:15  Hatchery, Drone  
  35  3:16  Drone  
  38  3:20  Evolution Chamber  
  37  3:27  Drone x3  
  37  3:32  Overlord  
  40  3:40  Drone x2  
  40  3:41  Drone  
  43  3:54  Roach Warren  
  43  3:55  Drone  
  43  3:56  Drone x4  
  43  4:01  Overlord  
  46  4:04  Spore Crawler  
  46  4:08  Spore Crawler  
  44  4:12  Overlord  
  44  4:15  Zerg Missile Weapons Level 1  
  44  4:20  Lair  
  44  4:30  Queen  
  46  4:32  Drone  
  46  4:33  Drone x3  
  46  4:38  Roach x2  
  54  4:40  Roach  
  54  4:42  Roach  
  58  4:49  Drone x2  
  58  4:52  Extractor  
  59  4:56  Pneumatized Carapace  
  59  5:02  Overlord x2  
  59  5:03  Overlord  
  59  5:14  Evolution Chamber  
  59  5:16  Extractor, Drone  
  58  5:30  Drone x2  
  58  5:31  Queen, Drone  
  61  5:36  Drone x3  
  61  5:37  Hydralisk Den, Drone x2  
  61  5:41  Drone x3  
  61  5:42  Drone  
  69  5:43  Spore Crawler  
  69  5:44  Drone x2  
  69  5:45  Drone  
  69  5:47  Spore Crawler  
  70  6:00  Overlord x3  
  70  6:08  Grooved Spines  
  70  6:09  Hydralisk x4  
  78  6:18  Drone x4  
  82  6:22  Extractor  
  82  6:24  Drone  
  82  6:25  Drone x2  
  78  6:29  Spore Crawler  
  75  6:36  Drone x4  
  75  6:37  Drone x2  
  81  6:41  Hydralisk x3  
  81  6:42  Hydralisk, Spore Crawler  
  88  6:53  Baneling Nest  
  87  6:56  Zerg Melee Weapons Level 1  
  87  6:58  Drone x2  
  89  7:04  Drone x2  
  89  7:05  Drone x2  
  93  7:09  Hatchery  
  93  7:11  Zerg Missile Weapons Level 2  
  92  7:16  Spine Crawler  
  92  7:20  Spine Crawler  
  90  7:23  Drone x2, Spine Crawler  
  91  7:34  Overseer  
  91  7:53  Hydralisk x7  
  91  7:54  Zergling x2  
  91  7:56  Overlord  
  91  7:57  Overlord x5  
  106  7:59  Centrifical Hooks  
  106  8:16  Extractor x2, Drone x6  
  106  8:18  Drone x3  
  106  8:19  Drone x3  
  116  8:27  Muscular Augments  
  116  8:30  Hatchery  
  115  8:35  Infestation Pit  
  115  8:39  Baneling  
  115  8:40  Baneling x5  
  115  8:41  Zergling x2  
  115  8:42  Zergling x12  
  121  8:51  Drone x7  
  121  8:52  Drone  
  121  8:53  Drone  
  131  8:58  Drone  
  131  9:02  Queen  
  133  9:08  Overlord x4  
  133  9:12  Drone x3  
  133  9:15  Spore Crawler x2  
  134  9:20  Overseer  
  134  9:21  Overseer  
  134  9:24  Hydralisk  
  134  9:25  Hydralisk x3  
  134  9:29  Hive  
  142  9:31  Zerg Melee Weapons Level 2  
  142  9:42  Zerg Ground Armor Level 1  
  142  9:43  Spire  
  141  9:47  Queen  
  143  9:57  Spine Crawler  
  142  10:03  Drone x5  
  142  10:06  Spine Crawler  
  146  10:07  Spine Crawler  
  146  10:09  Drone, Spine Crawler  
  146  10:10  Drone x4  
  146  10:11  Drone x2  
  151  10:22  Spine Crawler x2, Overlord x4  
  151  10:24  Burrow  
  149  10:30  Baneling x2  
  149  10:31  Baneling x12  
  149  10:32  Zergling x2  
  149  10:33  Zergling x20  
  160  10:46  Extractor  
  160  10:47  Extractor  
  158  11:00  Spire  
  148  11:12  Hatchery  
  148  11:14  Zergling x2, Roach x8  
  148  11:15  Zergling x34  
  172  11:26  Drone x2  
  172  11:27  Drone  
  172  11:28  Drone x2  
  177  11:36  Baneling x10  
  177  11:38  Baneling  
  177  11:39  Baneling x12  
  177  11:41  Hydralisk x4  
Show
View Real Time Build Order
Export as new Build Order

SaintSnowmad Protoss - Winner!

Build Orders: 1 Gate Expand, Phoenix Opening 

Get SALT Encoding   

  12  0:02  Probe  
  13  0:14  Probe  
  13  0:19  Pylon  
  14  0:26  Probe  
  15  0:38  Gateway  
  15  0:40  Probe  
  16  0:47  Assimilator  
  16  0:48  Probe  
  16  0:56  Probe  
  18  1:08  Probe  
  19  1:20  Probe  
  20  1:30  Nexus  
  20  1:40  Cybernetics Core  
  20  1:43  Probe  
  21  1:52  Pylon  
  21  1:56  Probe  
  21  1:57  Assimilator  
  22  2:09  Probe  
  23  2:28  Stargate  
  23  2:32  Adept  
  25  2:38  Probe  
  25  2:39  Warp Gate  
  26  2:44  Pylon  
  26  2:45  Probe  
  26  2:51  Probe  
  26  2:53  Probe  
  28  3:03  Probe x2  
  28  3:05  Shield Battery  
  30  3:13  Probe  
  30  3:14  Probe, Phoenix  
  34  3:21  Probe  
  34  3:22  Probe  
  36  3:29  Probe  
  36  3:30  Probe  
  37  3:39  Phoenix  
  37  3:40  Probe, Gateway  
  40  3:44  Probe  
  42  3:52  Probe  
  45  3:55  Adept  
  45  3:57  Probe  
  46  4:04  Phoenix  
  46  4:09  Pylon  
  48  4:10  Probe x2  
  48  4:14  Assimilator  
  50  4:22  Probe  
  50  4:23  Probe  
  52  4:29  Phoenix  
  54  4:34  Probe  
  54  4:35  Probe  
  54  4:36  Forge  
  54  4:38  Gateway  
  56  4:46  Pylon  
  56  4:50  Probe x2  
  58  4:54  Phoenix  
  60  5:07  Probe x2, Twilight Council  
  62  5:10  Assimilator  
  62  5:19  Probe, Phoenix  
  65  5:30  Protoss Ground Weapons Level 1  
  65  5:37  Charge  
  65  5:41  Zealot x2  
  69  5:48  Pylon  
  69  5:52  Nexus  
  69  5:54  Pylon  
  69  5:57  Pylon  
  69  6:01  Probe  
  70  6:05  Phoenix  
  70  6:06  Probe  
  73  6:13  Probe  
  73  6:18  Probe  
  73  6:30  Phoenix  
  73  6:39  Templar Archives  
  73  6:42  Pylon  
  73  6:44  Probe x2, Pylon  
  73  6:45  Robotics Facility  
  75  6:49  Photon Cannon, Zealot x2  
  75  6:50  Zealot  
  75  6:52  Photon Cannon  
  81  6:55  Phoenix  
  81  6:57  Shield Battery  
  81  6:58  Probe x2  
  81  6:59  Gateway  
  85  7:05  Pylon  
  85  7:06  Pylon  
  85  7:15  Gateway  
  85  7:16  High Templar  
  85  7:17  High Templar x2  
  85  7:20  Psionic Storm  
  91  7:23  Protoss Ground Weapons Level 2  
  89  7:45  Probe  
  89  7:46  Probe x2  
  89  7:50  Pylon  
  92  7:53  Pylon  
  92  7:55  Zealot  
  92  7:56  Zealot x2  
  92  7:58  Probe x3  
  101  7:59  Assimilator, Gateway  
  101  8:01  Gateway  
  101  8:02  Immortal  
  101  8:03  Assimilator  
  101  8:06  Gateway  
  101  8:07  High Templar  
  101  8:10  Probe x2  
  109  8:15  Probe  
  110  8:26  Gateway  
  110  8:27  Gateway  
  110  8:31  Probe  
  110  8:32  High Templar  
  110  8:34  Zealot x3  
  117  8:40  Pylon  
  119  8:41  Pylon, Immortal  
  119  8:43  High Templar  
  125  8:56  Zealot x4  
  131  9:14  Observer  
  131  9:15  High Templar x2  
  131  9:16  Zealot x3  
  142  9:25  Immortal  
  142  9:27  Pylon  
  142  9:28  Dark Shrine  
  142  9:33  High Templar  
  142  9:34  Zealot x4  
  142  9:35  Photon Cannon  
  156  9:51  Zealot  
  158  9:59  Nexus  
  158  10:00  High Templar x2  
  158  10:01  Pylon, Immortal, Zealot x3  
  158  10:04  Pylon, Archon  
  172  10:14  Probe x3  
  173  10:26  Probe  
  174  10:29  Photon Cannon  
  174  10:30  Photon Cannon  
  174  10:31  High Templar x2  
  174  10:32  High Templar x2, Gateway  
  174  10:33  Shield Battery, Warp Prism  
  182  10:38  Zealot  
  182  10:39  Archon  
  182  10:40  Archon  
  186  11:05  High Templar x2, Assimilator  
  186  11:06  Zealot  
  186  11:07  Zealot x2  
  186  11:09  Assimilator  
  190  11:15  Zealot x3  
  190  11:16  Zealot x2  
  182  11:29  Probe x2, Photon Cannon  
  182  11:31  Photon Cannon, Gateway  
  150  12:00  Archon x5  
  132  12:02  Zealot x4  
  132  12:03  Dark Templar x3  
  132  12:04  Zealot x3  
  132  12:05  Zealot  
Tags
 
Add a new tag
Caveats
  • Supply blocks, unpowered buildings, or Contaminate may cause inaccurate times.
  • Supply counts are checked every 10 seconds.